WLB
MINNESOTA TWINS @ SAN DIEGO PADRES
05/30/2024
 
TOP OF THE 1ST
Minnesota Twins batting - Pitching for San Diego Padres : RHP Zac Gallen
Pitching: RHP Zac Gallen
Batting: RHB Starling Marte 0-0: Ball
1-0: Called Strike
1-1: Called Strike
1-2: Ball
2-2: Foul Ball, location: 2F
2-2: Fly out, F8 (Flyball, 8LM, EV 90.6 MPH)
Batting: RHB Matt McLain 0-0: Called Strike
0-1: Called Strike
0-2: Foul Ball, location: 2F
0-2: Ball
1-2: Ball
2-2: Ball
3-2: Foul Ball, location: 3F
3-2: Fly out, F9 (Flyball, 9D, EV 102.5 MPH)
Batting: SHB Jasson Dominguez 0-0: Called Strike
0-1: Ball
1-1: Foul Ball, location: 7LDF
1-2: Strikes out looking
Top of the 1st over - 0 runs, 0 hits, 0 errors, 0 left on base; Minnesota 0 - San Diego 0
BOTTOM OF THE 1ST
San Diego Padres batting - Pitching for Minnesota Twins : RHP Louie Varland
Pitching: RHP Louie Varland
Batting: LHB Kyle Isbel 0-0: Called Strike
0-1: Called Strike
0-2: Strikes out swinging
Batting: LHB LaMonte Wade Jr. 0-0: Ball
1-0: Ball
2-0: Called Strike
2-1: Swinging Strike
2-2: Ball
3-2: Strikes out swinging
Batting: RHB Anthony Volpe 0-0: Foul Ball, location: 7LMF
0-1: Foul Ball, location: 7LSF
0-2: Ball
1-2: Strikes out looking
Bottom of the 1st over - 0 runs, 0 hits, 0 errors, 0 left on base; Minnesota 0 - San Diego 0
TOP OF THE 2ND
Minnesota Twins batting - Pitching for San Diego Padres : RHP Zac Gallen
Batting: RHB Christopher Morel 0-0: Ball
1-0: Ball
2-0: Called Strike
2-1: Ball
3-1: Foul Ball, location: 5SF
3-2: Ground out 5-3 (Groundball, 56, EV 81.9 MPH)
Batting: LHB James Outman 0-0: Called Strike
0-1: Ball
1-1: Ball
2-1: Ground out 4-3 (Groundball, 34, EV 105.0 MPH)
Batting: RHB Jeremy Pena 0-0: Ball
1-0: Ground out 4-3 (Groundball, 4, EV 93.1 MPH)
Top of the 2nd over - 0 runs, 0 hits, 0 errors, 0 left on base; Minnesota 0 - San Diego 0
BOTTOM OF THE 2ND
San Diego Padres batting - Pitching for Minnesota Twins : RHP Louie Varland
Batting: LHB Will Benson 0-0: Ball
1-0: Ball
2-0: Swinging Strike
2-1: SINGLE (Line Drive, 9LS, EV 96.9 MPH)
Batting: RHB Bryan Ramos 0-0: Ball
1-0: Foul Ball, location: 2F
1-1: 2-RUN HOME RUN (Flyball, 89XD, EV 103.1 MPH), Distance : 392 ft
Batting: LHB Nolan Jones 0-0: Ball
1-0: Called Strike
1-1: Ball
2-1: Foul Ball, location: 7LMF
2-2: Foul Ball, location: 2F
2-2: Ball
3-2: Strikes out swinging
Batting: RHB Danny Jansen 0-0: Ball
1-0: Ball
2-0: Swinging Strike
2-1: DOUBLE (Line Drive, 5D, EV 103.8 MPH)
Batting: RHB Ezequiel Tovar 0-0: Called Strike
0-1: Called Strike
0-2: Ball
1-2: Ball
2-2: Ball
3-2: SINGLE (Line Drive, 7LS, EV 109.4 MPH)
Danny Jansen to third
Batting: SHB Niko Goodrum 0-0: Grounds into double play, 4-6-3 (Groundball, 34D, EV 84.4 MPH)
Bottom of the 2nd over - 2 runs, 4 hits, 0 errors, 1 left on base; Minnesota 0 - San Diego 2
TOP OF THE 3RD
Minnesota Twins batting - Pitching for San Diego Padres : RHP Zac Gallen
Batting: RHB Elehuris Montero 0-0: Ball
1-0: Ball
2-0: Foul Ball, location: 2F
2-1: Fly out, F9 (Flyball, 9D, EV 100.0 MPH)
Batting: LHB Parker Meadows 0-0: Ball
1-0: Ball
2-0: Swinging Strike
2-1: Swinging Strike
2-2: Fly out, F9 (Flyball, 9D, EV 87.5 MPH)
Batting: RHB Austin Hedges 0-0: Ball
1-0: Foul Ball, location: 2F
1-1: Called Strike
1-2: Ball
2-2: Foul Ball, location: 2LF
2-2: Strikes out swinging
Top of the 3rd over - 0 runs, 0 hits, 0 errors, 0 left on base; Minnesota 0 - San Diego 2
BOTTOM OF THE 3RD
San Diego Padres batting - Pitching for Minnesota Twins : RHP Louie Varland
Batting: LHB Kyle Isbel 0-0: Ground out 6-3 (Groundball, 6M, EV 82.5 MPH)
Batting: LHB LaMonte Wade Jr. 0-0: Foul Ball, location: 2F
0-1: Ball
1-1: Called Strike
1-2: Ball
2-2: Ground out 6-3 (Groundball, 56, EV 90.6 MPH)
Batting: RHB Anthony Volpe 0-0: Ball
1-0: Ball
2-0: Called Strike
2-1: Called Strike
2-2: Foul Ball, location: 3SF
2-2: Strikes out swinging
Bottom of the 3rd over - 0 runs, 0 hits, 0 errors, 0 left on base; Minnesota 0 - San Diego 2
TOP OF THE 4TH
Minnesota Twins batting - Pitching for San Diego Padres : RHP Zac Gallen
Batting: RHB Starling Marte 0-0: Bunt for hit to 15S - play at first, batter OUT! 1-3
Batting: RHB Matt McLain 0-0: Foul Ball, location: 2F
0-1: Foul Ball, location: 5F
0-2: Strikes out swinging
Batting: SHB Jasson Dominguez 0-0: Called Strike
0-1: Foul Ball, location: 7LDF
0-2: Strikes out swinging
Top of the 4th over - 0 runs, 0 hits, 0 errors, 0 left on base; Minnesota 0 - San Diego 2
BOTTOM OF THE 4TH
San Diego Padres batting - Pitching for Minnesota Twins : RHP Louie Varland
Batting: LHB Will Benson 0-0: Ball
1-0: Swinging Strike
1-1: Ball
2-1: Foul Ball, location: 2LF
2-2: Ground out U3 (Groundball, 3L, EV 96.9 MPH)
Batting: RHB Bryan Ramos 0-0: Called Strike
0-1: Ball
1-1: Foul Ball, location: 7LSFF
1-2: Ground out 6-3 (Groundball, 56, EV 81.3 MPH)
Batting: LHB Nolan Jones 0-0: Ball
1-0: Fly out, F9 (Line Drive, 9S, EV 87.5 MPH)
Bottom of the 4th over - 0 runs, 0 hits, 0 errors, 0 left on base; Minnesota 0 - San Diego 2
TOP OF THE 5TH
Minnesota Twins batting - Pitching for San Diego Padres : RHP Zac Gallen
Batting: RHB Christopher Morel 0-0: Called Strike
0-1: Ball
1-1: Called Strike
1-2: Fly out, F7 (Flyball, 7LS, EV 80.6 MPH)
Batting: LHB James Outman 0-0: Ball
1-0: Called Strike
1-1: Ball
2-1: Swinging Strike
2-2: Strikes out swinging
Batting: RHB Jeremy Pena 0-0: Called Strike
0-1: SINGLE (Groundball, 34D, EV 98.1 MPH)
Batting: RHB Elehuris Montero 0-0: Ball
Jeremy Pena steals 2nd base
1-0: DOUBLE (Flyball, 8RXD, EV 93.1 MPH)
Jeremy Pena scores
Batting: LHB Parker Meadows 0-0: Ball
1-0: Ball
2-0: Ball
3-0: Base on Balls
Batting: RHB Austin Hedges 0-0: Ball
1-0: Called Strike
1-1: Ball
2-1: Foul Ball, location: 5F
2-2: Foul Ball, location: 2F
2-2: Strikes out swinging
Top of the 5th over - 1 run, 2 hits, 0 errors, 2 left on base; Minnesota 1 - San Diego 2
BOTTOM OF THE 5TH
San Diego Padres batting - Pitching for Minnesota Twins : RHP Louie Varland
Batting: RHB Danny Jansen 0-0: Ball
1-0: Foul Ball, location: 2F
1-1: Ball
2-1: Foul Ball, location: 2F
2-2: Strikes out looking
Batting: RHB Ezequiel Tovar 0-0: Ball
1-0: Swinging Strike
1-1: Ball
2-1: Called Strike
2-2: Ground out 5-3 (Groundball, 56S, EV 67.5 MPH)
Batting: SHB Niko Goodrum 0-0: Ground out 4-3 (Groundball, 4S, EV 83.1 MPH)
Bottom of the 5th over - 0 runs, 0 hits, 0 errors, 0 left on base; Minnesota 1 - San Diego 2
TOP OF THE 6TH
Minnesota Twins batting - Pitching for San Diego Padres : RHP Zac Gallen
Batting: RHB Starling Marte 0-0: Swinging Strike
0-1: Ball
1-1: Called Strike
1-2: Ball
2-2: Ball
3-2: Strikes out swinging
Batting: RHB Matt McLain 0-0: Foul Ball, location: 9LSF
0-1: Called Strike
0-2: Ball
1-2: SINGLE (Line Drive, 7S, EV 103.8 MPH)
Batting: SHB Jasson Dominguez 0-0: Swinging Strike
0-1: Swinging Strike
0-2: 2-RUN HOME RUN (Flyball, 89XD, EV 96.3 MPH), Distance : 384 ft
Batting: RHB Christopher Morel 0-0: DOUBLE (Line Drive, 78M, EV 90.6 MPH)
Batting: LHB James Outman 0-0: Ball
1-0: Ball
2-0: Ball
3-0: Called Strike
3-1: Called Strike
3-2: Reached on error, E1 (Groundball, 13S, EV 73.8 MPH)
Christopher Morel to third
Batting: RHB Jeremy Pena 0-0: Intentional Walk
Batting: RHB Elehuris Montero 0-0: Called Strike
0-1: DOUBLE (Line Drive, 89D, EV 98.8 MPH)
Christopher Morel scores
James Outman scores
Jeremy Pena to third
Runner from 3rd tries for Home, SAFE, throw by RF to trailing runner, SAFE at third!
Pitching: RHP Carlos Vargas
Batting: LHB Parker Meadows 0-0: Called Strike
0-1: Ball
1-1: Called Strike
1-2: Ball
2-2: Foul Ball, location: 23F
2-2: Ball
3-2: Base on Balls
Batting: RHB Austin Hedges 0-0: Foul Ball, location: 2F
0-1: Ball
1-1: Fly out, F6 (Popup, 6MD, EV 59.4 MPH)
Batting: RHB Starling Marte 0-0: Ball
1-0: Foul Ball, location: 2F
1-1: Foul Ball, location: 2F
1-2: Ball
2-2: Ball
3-2: SINGLE (Line Drive, 89S, EV 105.0 MPH)
Elehuris Montero scores
Parker Meadows to second
Parker Meadows to third
Batting: RHB Matt McLain 0-0: Called Strike
0-1: Fly out, F8 (Flyball, 8LS, EV 90.0 MPH)
Top of the 6th over - 6 runs, 5 hits, 1 error, 2 left on base; Minnesota 7 - San Diego 2
BOTTOM OF THE 6TH
San Diego Padres batting - Pitching for Minnesota Twins : RHP Louie Varland
Batting: LHB Kyle Isbel 0-0: Foul Ball, location: 23F
0-1: Ball
1-1: Ball
2-1: Foul Ball, location: 2F
2-2: Fly out, F8 (Flyball, 8RD, EV 104.4 MPH)
Batting: LHB LaMonte Wade Jr. 0-0: Ball
1-0: Ball
2-0: Foul Ball, location: 7LMF
2-1: Foul Ball, location: 23FF
2-2: Fly out, F6 (Popup, P, EV 80.6 MPH)
Batting: RHB Anthony Volpe 0-0: Swinging Strike
0-1: Ball
1-1: Called Strike
1-2: Ball
2-2: Ball
3-2: Foul Ball, location: 5F
3-2: Ground out U3 (Groundball, 34S, EV 62.5 MPH)
Bottom of the 6th over - 0 runs, 0 hits, 0 errors, 0 left on base; Minnesota 7 - San Diego 2
TOP OF THE 7TH
Minnesota Twins batting - Pitching for San Diego Padres : RHP Carlos Vargas
Batting: SHB Jasson Dominguez 0-0: Called Strike
0-1: Foul Ball, location: 2RF
0-2: Ball
1-2: Foul Ball, location: 2F
1-2: Strikes out looking
Batting: RHB Christopher Morel 0-0: Ball
1-0: Ball
2-0: Called Strike
2-1: Ball
3-1: Base on Balls
Pitching: RHP Alexis Diaz
Batting: LHB James Outman 0-0: Called Strike
0-1: Fly out, F8 (Flyball, 8LD, EV 93.1 MPH)
Batting: RHB Jeremy Pena 0-0: Fly out, F9 (Flyball, 89D, EV 110.0 MPH)
Top of the 7th over - 0 runs, 0 hits, 0 errors, 1 left on base; Minnesota 7 - San Diego 2
BOTTOM OF THE 7TH
San Diego Padres batting - Pitching for Minnesota Twins : RHP Louie Varland
Pitching: RHP David Robertson
Batting: LHB Will Benson 0-0: Called Strike
0-1: Ball
1-1: Ball
2-1: Swinging Strike
2-2: Strikes out swinging
Batting: RHB Bryan Ramos 0-0: Fly out, F5 (Popup, 56S, EV 81.3 MPH)
Batting: LHB Nolan Jones 0-0: Ball
1-0: Foul Ball, location: 9LMFF
1-1: SOLO HOME RUN (Flyball, 9D, EV 96.3 MPH), Distance : 366 ft
Batting: RHB Danny Jansen 0-0: Swinging Strike
0-1: Ball
1-1: Called Strike
1-2: Foul Ball, location: 3F
1-2: Foul Ball, location: 3F
1-2: Fly out, F4 (Popup, 4S, EV 81.9 MPH)
Bottom of the 7th over - 1 run, 1 hit, 0 errors, 0 left on base; Minnesota 7 - San Diego 3
TOP OF THE 8TH
Minnesota Twins batting - Pitching for San Diego Padres : RHP Alexis Diaz
Batting: RHB Elehuris Montero 0-0: Ball
1-0: Ball
2-0: Ball
3-0: Base on Balls
Batting: LHB Parker Meadows 0-0: Called Strike
0-1: Hit by Pitch
Elehuris Montero to second
Batting: RHB Austin Hedges 0-0: Grounds into double play, 5-4-3 (Groundball, 56, EV 81.3 MPH)
Elehuris Montero to third
Batting: RHB Starling Marte 0-0: Called Strike
0-1: Ground out 5-3 (Groundball, 56, EV 103.1 MPH)
Top of the 8th over - 0 runs, 0 hits, 0 errors, 1 left on base; Minnesota 7 - San Diego 3
BOTTOM OF THE 8TH
San Diego Padres batting - Pitching for Minnesota Twins : RHP David Robertson
Batting: RHB Ezequiel Tovar 0-0: Ground out 5-3 (Groundball, 56, EV 79.4 MPH)
Batting: SHB Niko Goodrum 0-0: Ball
1-0: Called Strike
1-1: Ball
2-1: Ball
3-1: Base on Balls
Batting: LHB Kyle Isbel 0-0: Ball
1-0: Called Strike
1-1: Ball
2-1: Ball
3-1: Base on Balls
Niko Goodrum to second
Pitching: RHP Alek Jacob
Batting: LHB LaMonte Wade Jr. 0-0: Ball
1-0: Foul Ball, location: 25FF
1-1: Ball
2-1: Ball
3-1: Base on Balls
Niko Goodrum to third
Kyle Isbel to second
Batting: RHB Anthony Volpe 0-0: Ball
1-0: Ball
2-0: Ball
3-0: Base on Balls
Niko Goodrum scores
Kyle Isbel to third
LaMonte Wade Jr. to second
Batting: LHB Will Benson 0-0: Fly out, F4 (Popup, 3D, EV 45.6 MPH)
Pinch Hitting: SHB Victor Caratini 0-0: Ball
1-0: Called Strike
1-1: Foul Ball, location: 2RF
1-2: Strikes out swinging
Bottom of the 8th over - 1 run, 0 hits, 0 errors, 3 left on base; Minnesota 7 - San Diego 4
TOP OF THE 9TH
Minnesota Twins batting - Pitching for San Diego Padres : RHP Alexis Diaz
Now at 1B: Victor Caratini
Batting: RHB Matt McLain 0-0: Swinging Strike
0-1: Ball
1-1: Foul Ball, location: 5SF
1-2: Ball
2-2: Ball
3-2: Foul Ball, location: 9LSF
3-2: Strikes out looking
Batting: SHB Jasson Dominguez 0-0: SINGLE (Groundball, 3S, EV 70.0 MPH) (infield hit)
Pitching: RHP Adbert Alzolay
Batting: RHB Christopher Morel 0-0: Ball
1-0: Called Strike
1-1: SINGLE (Groundball, 6MD, EV 104.4 MPH)
Jasson Dominguez to second
Batting: LHB James Outman 0-0: Ball
1-0: Foul Ball, location: 2F
1-1: Ball
2-1: Foul Ball, location: 2F
2-2: Ground out 4-3 (Groundball, 4MD, EV 98.1 MPH)
Jasson Dominguez to third
Christopher Morel to second
Batting: RHB Jeremy Pena 0-0: Swinging Strike
0-1: Called Strike
0-2: Ball
1-2: Ball
2-2: Strikes out looking
Top of the 9th over - 0 runs, 2 hits, 0 errors, 2 left on base; Minnesota 7 - San Diego 4
BOTTOM OF THE 9TH
San Diego Padres batting - Pitching for Minnesota Twins : RHP Alek Jacob
Pitching: LHP Tim Herrin
Now at 2B: David Hamilton
Now in RF: Jo Adell
Batting: LHB Nolan Jones 0-0: Fly out, F8 (Flyball, 8LD, EV 106.9 MPH)
Batting: RHB Danny Jansen 0-0: Foul Ball, location: 9LMFF
0-1: Ball
1-1: Swinging Strike
1-2: Ball
2-2: Ball
3-2: Foul Ball, location: 3FF
3-2: Foul Ball, location: 2F
3-2: Base on Balls
Batting: RHB Ezequiel Tovar 0-0: Ball
1-0: Ball
2-0: Foul Ball, location: 2F
2-1: Ball
3-1: Base on Balls
Danny Jansen to second
Batting: SHB Niko Goodrum 0-0: Ball
1-0: Swinging Strike
1-1: Ball
2-1: Swinging Strike
2-2: Strikes out looking
Batting: LHB Kyle Isbel 0-0: Ball
1-0: Swinging Strike
1-1: Swinging Strike
1-2: Foul Ball, location: 9LSFF
1-2: Foul Ball, location: 5FF
1-2: Strikes out swinging
Bottom of the 9th over - 0 runs, 0 hits, 0 errors, 2 left on base; Minnesota 7 - San Diego 4
Friday, April 12th , 2024 - OOTP Baseball 24.11 Build 85